 Dungeon Crawl Stone Soup version 0.21-a0-185-g3a6ed1e (webtiles) character file.

60 wolfsongas the Sneak (level 4, -4/29 HPs)
             Began as an Octopode Assassin on Aug 12, 2017.
             Slain by Robin
             ... wielding a +6 spear of flaming
              (10 damage)
             ... on level 2 of the Dungeon.
             The game lasted 00:03:10 (1043 turns).

wolfsongas the Sneak (Octopode Assassin)            Turns: 1043, Time: 00:03:11

Health: -4/29      AC:  3    Str: 17    XL:     4   Next: 6%
Magic:  4/4        EV: 13    Int: 13    God:
Gold:   63         SH:  0    Dex: 16    Spells: 3/3 levels left

rFire    . . .     SeeInvis +   p - +3 dagger (drain)
rCold    + . .     Gourm    .   (no shield)
rNeg     . . .     Faith    .   (helmet restricted)
rPois    +         Spirit   .   (no amulet)
rElec    .         Reflect  .   h - +4 ring of dexterity
rCorr    .         Harm     .   g - ring of poison resistance
MR       .....                  j - ring of see invisible
Stlth    ++++......             n - ring of protection from cold
HPRegen  0.09/turn              (no ring)
MPRegen  0.09/turn              (no ring)
                                (no ring)
                                (no ring)

@: mighty, flying, hasted, very quick
A: almost no armour, stealthy swim, amphibious, 8 rings, constrict 8, slimy
green scales 1, camouflage 1, clumsy 1, strong 1, gelatinous body 1
a: no special abilities


You were on level 2 of the Dungeon.
You were not hungry.

You visited 1 branch of the dungeon, and saw 2 of its levels.

You collected 63 gold pieces.

Inventory:

Hand Weapons
 a - a +2 dagger
 b - a +0 blowgun
 p - a +3 dagger of draining (weapon)
Missiles
 c - 8 poisoned needles
 d - 2 curare-tipped needles
Jewellery
 g - a ring of poison resistance (right tentacle)
 h - a +4 ring of dexterity (left tentacle)
 j - a ring of see invisible (on tentacle)
 n - a ring of protection from cold (on tentacle)
Potions
 e - a potion of mutation
Comestibles
 f - a bread ration
 k - 2 chunks of flesh
 q - a royal jelly
 r - a meat ration


   Skills:
 - Level 2.0 Fighting
 * Level 3.6 Short Blades
 - Level 2.0 Throwing
 - Level 1.0 Dodging
 + Level 6.1 Stealth


You had 3 spell levels left.
You didn't know any spells.

Dungeon Overview and Level Annotations

Branches:
Dungeon (2/15)

Altars:

Annotations:
D:2 Robin


Innate Abilities, Weirdness & Mutations

You cannot wear most types of armour.
You are very stealthy in the water. (Stealth+)
You are amphibious.
You can wear up to eight rings at the same time.
You can use your tentacles to constrict eight enemies at once.
Your skin changes colour to match your surroundings (Stealth+).
Your rubbery body absorbs attacks. (AC +1, EV +1)
You are partially covered in slimy green scales. (AC +2)
You are clumsy. (Dex -2)
Your muscles are strong. (Str +2)


Message History

You have reached level 4!
The goblin barely misses you.
You puncture the goblin!
You kill the goblin!
Robin says, "Feeling lonely?"
Robin roars a battlecry!
The goblin goes into a battle-frenzy!
Items here: ( ))) † a club; an uncursed hunting sling; an uncursed club; 13 stones; a goblin corpse You puncture the goblin!
You kill the goblin!
The goblin hits you but does no damage.
Robin hits you from afar with a spear of flaming.
* * * LOW HITPOINT WARNING * * *
Robin burns you.
* * * LOW HITPOINT WARNING * * *
Things that are here:
a dagger; a goblin corpse Robin hits you with a spear of flaming!
You die...

### # ..###############
#.####.#(.............
## ...#.#)#............
#.. #...#)#............
#..###..#)##........)..
#.>....g).##..≈≈.......
##..(#g...##.≈..≈......
#...#@..##≈≈≈..)..≈÷..
#.gg#.#.#≈≈≈..≈..≈..≈.
#g.g#.#.#≈≈...≈.⌠≈..≈.
#..g#...#≈≈..≈..≈⌠.≈..
#..g###.#≈≈..≈..≈..≈..
#...# #.##≈...≈≈..≈..≈
#...# #..##.......≈..≈
#........≈≈.
#.........).


You could see Robin and a goblin.

Vanquished Creatures
  A worm (D:2)
  4 dart slugs
  2 giant cockroaches (D:2)
  16 goblins
  2 hobgoblins
  A ball python (D:1)
  7 bats
  2 frilled lizards (D:1)
  7 kobolds
  3 rats (D:2)
45 creatures vanquished.

Notes
Turn   | Place    | Note
-------+----------+-------------------------------------------
     0 | D:1      | wolfsongas the Octopode Assassin began the quest for the Orb.
     0 | D:1      | Reached XP level 1. HP: 14/14 MP: 1/1
    67 | D:1      | Reached XP level 2. HP: 11/19 MP: 2/2
   727 | D:2      | Reached XP level 3. HP: 21/24 MP: 3/3
   991 | D:2      | Reached skill level 6 in Stealth
  1011 | D:2      | Noticed Robin
  1013 | D:2      | Gained mutation: Your muscles are strong. (Str +2) [potion of mutation]
  1013 | D:2      | Gained mutation: You are clumsy. (Dex -2) [potion of mutation]
  1013 | D:2      | Gained mutation: You are partially covered in slimy green scales. (AC +2) [potion of mutation]
  1037 | D:2      | Reached XP level 4. HP: 12/29 MP: 4/4
  1043 | D:2      | Slain by Robin

Vault maps used:
D:1:      minmay_arrival_hallway, serial_curves, eino_curves_01, eino_curves_03,
          eino_curves_03, eino_curves_02
D:2:      cheibrodos_helix_gallery, uniq_robin

Skill      XL: |  1  2  3 |
---------------+----------+-----
Short Blades   | 3 |  3.6
Stealth        | 6 |  6.1
Fighting       | |  2.0
Throwing       | |  2.0
Dodging        | |  1.0

Action                   |  1- 3 |  4- 6 || total
-------------------------+-------+-------++-------
Melee: Dagger            |    61 |     2 ||    63
       Constrict         |    12 |       ||    12
       Tentacles         |    14 |       ||    14
  Use: Scroll            |     8 |       ||     8
       Potion            |     5 |       ||     5
 Stab: Sleeping          |    15 |       ||    15
Armor: Skin              |     7 |     1 ||     8
Dodge: Dodged            |    33 |     1 ||    34
